 Dungeon Crawl Stone Soup version 0.29-a0-2-g12fcac58f8 (webtiles) character file.

Game seed: 15357102364880468899

252 Hasart the Shield-Bearer (level 6, -6/48 HPs)
             Began as a Formicid Fighter on Jan 26, 2022.
             Was an Initiate of Makhleb.
             Mangled by Pikel (8 damage)
             ... on level 5 of the Dungeon on Jan 27, 2022.
             The game lasted 00:04:54 (3428 turns).

Hasart the Shield-Bearer (Formicid Fighter)         Turns: 3428, Time: 00:04:54

Health: -6/48      AC:  7    Str: 22    XL:     6   Next: 36%
Magic:  6/6        EV: 10    Int:  8    God:    Makhleb [......]
Gold:   199        SH:  4    Dex: 10    Spells: 5/5 levels left

rFire   . . .      SeeInvis +   a - +0 trident
rCold   + . .      Faith    .   c - +0 buckler
rNeg    . . .      Spirit   .   b - +0 scale mail
rPois   .          Reflect  .   (helmet unavailable)
rElec   .          Harm     .   (no cloak)
rCorr   .          Rampage  .   (no gloves)
Will    .....                   (no boots)
Stlth   ..........              (no amulet)
HPRegen 0.16/turn               l - ring of protection from cold
MPRegen 0.10/turn               (no ring)

@: no status effects
A: permanent stasis, dig shafts and tunnels, antennae 3, four strong arms
a: Dig, Shaft Self, Renounce Religion


You were on level 5 of the Dungeon.
You worshipped Makhleb.
Makhleb was noncommittal.
You visited 1 branch of the dungeon, and saw 5 of its levels.

You collected 199 gold pieces.

Inventory:

Hand Weapons
 a - a +0 trident (weapon)
Armour
 b - a +0 scale mail (worn)
 c - a +0 buckler (worn)
Jewellery
 l - a ring of protection from cold (left hand)
 n - a ring of flight
Scrolls
 f - 2 scrolls of vulnerability {unknown}
 g - a scroll of holy word {unknown}
 j - a scroll of acquirement {unknown}
 k - 3 scrolls of identify {unknown}
 m - a scroll of torment {unknown}
 p - a scroll of fear {unknown}
Potions
 d - 2 potions of might
 e - 2 potions of resistance {unknown}
 h - a potion of flight {unknown}
 i - a potion of experience {unknown}
 o - a potion of curing {unknown}


   Skills:
 + Level 4.0 Fighting
 * Level 4.0 Polearms
 + Level 4.2 Armour
 + Level 1.8 Dodging
 + Level 4.6 Shields


You had 5 spell levels left.
You didn't know any spells.
Your spell library contained the following spells:

 Spells                   Type           Power      Damage    Failure   Level
 Summon Small Mammal      Summ           0%         N/A       80%         1
 Call Canine Familiar     Summ           0%         N/A       99%         3
 Ozocubu's Armour         Ice            0%         N/A       99%         3
 Summon Guardian Golem    Hex/Summ       0%         N/A       99%         3
 Animate Dead             Necr           0%         N/A       100%        4
 Borgnjor's Vile Clutch   Necr/Erth      0%         N/A       100%        5
 Death Channel            Necr           0%         N/A       100%        6
 Ozocubu's Refrigeration  Ice            0%         4d5       100%        7


Dungeon Overview and Level Annotations

Branches:
Dungeon (5/15)
 Temple: D:4-7

Altars:
Gozag
Makhleb
Sif Muna
Uskayaw

Shops:
D:4 (

Annotations:
D:4 3 runed translucent doors, vishdafish's ghost, amateur NaFi
D:5 Pikel


Innate Abilities, Weirdness & Mutations

You cannot be hasted, slowed, berserked, paralysed or teleported.
You can dig through walls and to a lower floor.
You have a pair of large antennae on your head. (SInv)
Your four strong arms can wield two-handed weapons with a shield.


Message History

You puncture Pikel!
Pikel is moderately wounded.
Pikel hits you with a +2 whip of freezing!
* * * LOW HITPOINT WARNING * * *
Pikel freezes you.
* * * LOW HITPOINT WARNING * * *
Pikel barely misses you.
You puncture Pikel!
Pikel is heavily wounded.
Pikel barely misses you.
You hit Pikel but do no damage.
Pikel is heavily wounded.
Pikel closely misses you.
You closely miss Pikel.
Pikel is heavily wounded.
Pikel closely misses you.
You closely miss Pikel.
Pikel is heavily wounded.
Pikel drinks a potion.
Pikel is healed!
You closely miss Pikel. Pikel hits you but does no damage.
You barely miss Pikel.
Pikel hits you with a +2 whip of freezing.
* * * LOW HITPOINT WARNING * * *
You block Pikel's attack.
You barely miss Pikel.
Pikel hits you with a +2 whip of freezing.
* * * LOW HITPOINT WARNING * * *
You hit Pikel but do no damage. You block Pikel's attack.
You closely miss Pikel. Pikel completely misses you.
You closely miss Pikel. Pikel barely misses you.
You miss Pikel.
Pikel hits you with a +2 whip of freezing!
* * * LOW HITPOINT WARNING * * *
Pikel freezes you.
* * * LOW HITPOINT WARNING * * *
You barely miss Pikel. Pikel hits you but does no damage.
You puncture Pikel!
Pikel is lightly wounded.
Pikel hits you with a +2 whip of freezing!
You die...

...... ..5 ...
.......... ...
..... .. ....
...( ..... . .
#... .#....
...##..#{..#)#
....<..##5...##
##.@K5....#
#.<##5.##...
#..# #..# ....#
#.# ......# ...
#....... ...
######## .#. .#


You could see Pikel and 3 lemures.

Vanquished Creatures
  2 hounds
  Natasha (twice) (D:4)
  An orc wizard (D:4)
  3 adders
  A worm (D:2)
  2 dart slugs (D:4)
  8 orcs
  10 endoplasms
  6 hobgoblins
  4 jackals (D:2)
  4 kobolds
  3 quokkas
  10 ball pythons
  5 bats
  7 frilled lizards
  7 goblins
  4 rats
79 creatures vanquished.

Vanquished Creatures (others)
  12 plants
12 creatures vanquished.

Grand Total: 91 creatures vanquished

Notes
Turn   | Place    | Note
-------+----------+-------------------------------------------
     0 | D:1      | Hasart the Formicid Fighter began the quest for the Orb.
     0 | D:1      | Reached XP level 1. HP: 18/18 MP: 1/1
   186 | D:1      | Reached XP level 2. HP: 23/24 MP: 2/2
   768 | D:2      | Reached XP level 3. HP: 29/29 MP: 3/3
  1072 | D:2      | Found a faded altar of an unknown god.
  1072 | D:2      | Noticed a sun demon
  1165 | D:2      | Reached skill level 1 in Dodging
  1569 | D:3      | Reached XP level 4. HP: 35/35 MP: 4/4
  1915 | D:3      | Found an opulent altar of Gozag.
  2215 | D:3      | Reached XP level 5. HP: 35/42 MP: 5/5
  2266 | D:3      | Found a shimmering blue altar of Sif Muna.
  2586 | D:4      | Found a burning altar of Makhleb.
  2655 | D:4      | Became a worshipper of Makhleb the Destroyer
  2799 | D:4      | Found a hide-covered altar of Uskayaw.
  2818 | D:4      | Reached XP level 6. HP: 41/48 MP: 6/6
  2869 | D:4      | Found Wety's Weapon Emporium.
  2939 | D:4      | Upgraded the game from 0.28-a0-1638-g9123634e07 to
                  | 0.29-a0-2-g12fcac58f8
  3050 | D:4      | Noticed Natasha
  3061 | D:4      | Killed Natasha
  3147 | D:4      | Found a runed translucent gate.
  3147 | D:4      | Found a runed translucent gate.
  3149 | D:4      | Found a runed translucent gate.
  3157 | D:4      | Noticed vishdafish's ghost (amateur NaFi)
  3191 | D:4      | Noticed Natasha
  3195 | D:4      | Killed Natasha
  3395 | D:5      | Entered Level 5 of the Dungeon
  3397 | D:5      | Noticed Pikel
  3426 | D:5      | HP: 2/48 [Pikel (7)]
  3428 | D:5      | Mangled by Pikel

Illustrated notes

Levels and vault maps discovered:
D:1:      saegor_arrival_simple_b, layout_basic
D:2:      layout_rooms, serial_forest, infiniplex_forest_lined_room_,
          infiniplex_forest_corner_1, infiniplex_forest_straight_2,
          infiniplex_forest_clump_long, infiniplex_forest_clump_cross,
          infiniplex_forest_end_3, infiniplex_forest_end_2,
          infiniplex_forest_split, infiniplex_forest_clump_cross,
          infiniplex_forest_clump_long, dreamdust_ecumenical_altar_sealed_demon
D:3:      layout_rooms, mainiacjoe_overflow_small_starburst,
          mainiacjoe_overflow_concentric_impassable,
          hangedman_abyss_or_decor_lesser_grid
D:4:      layout_basic, amcnicky_altar_gilded,
          mainiacjoe_overflow_surrounded_room, gammafunk_ghost_necromancy,
          serial_shops, nicolae_shop_bloodbath_and_beyond,
          serial_bayou_lagoon_a, hangedman_decor_peaks_small, uniq_natasha
D:5:      layout_rooms, overflow_temple_1_default, gup_sewer_entry_bubbles,
          kennysheep_generic_room_13, uniq_eustachio, uniq_grinder, uniq_pikel

Skill      XL: |  1  2  3  4  5  6 |
---------------+-------------------+-----
Shields        | 4 |  4.6
Dodging        | 1 |  1.8
Polearms       | 3 4 |  4.0
Armour         | 4 |  4.2
Fighting       | 4 |  4.0

Action                   |  1- 3 |  4- 6 || total
-------------------------+-------+-------++-------
Melee: Trident           |   113 |   173 ||   286
 Abil: Dig               |     2 |       ||     2
Armor: Scale mail        |    36 |    79 ||   115
Dodge: Dodged            |    32 |    75 ||   107
Block: Buckler           |    24 |    33 ||    57

Table legend: (Time is in decaauts)
 A = Elapsed time spent in this place.
 B = Non-inter-level travel time spent in this place.
 C = Inter-level travel time spent in this place.
 D = Time resting spent in this place.
 E = Time spent auto-exploring this place.
 F = Levels seen in this place.
 G = Mean time per level.
                   A        B        C        D        E       F      G
               +--------+--------+--------+--------+--------+-----+--------+
         Total |   3486 |   3420 |     66 |      0 |   2744 |   5 |  697.2 |
       Dungeon |   3486 |   3420 |     66 |      0 |   2744 |   5 |  697.2 |
               +--------+--------+--------+--------+--------+-----+--------+

Top non-repeatable levels by time:
     D:2: 1143 daAuts
     D:4: 1035 daAuts
     D:3: 827 daAuts
     D:1: 444 daAuts
     D:5: 36 daAuts
